 Dungeon Crawl Stone Soup version 0.27-a0-1200-g94dc6ad4cf (webtiles) character file.

Game seed: 9858313763415240317

17 Delamore the Skirmisher (level 2, -3/19 HPs)
             Began as a Gargoyle Fighter on May 30, 2021.
             Was an Initiate of Gozag.
             Slain by a gnoll
             ... wielding a +0 flail
              (6 damage)
             ... on level 1 of the Dungeon.
             The game lasted 00:00:43 (1330 turns).

Delamore the Skirmisher (Gargoyle Fighter)          Turns: 1330, Time: 00:00:43

Health: -3/19      AC:  9    Str: 19    XL:     2   Next: 62%
Magic:  2/2        EV:  7    Int:  8    God:    Gozag
Gold:   60         SH:  9    Dex:  9    Spells: 1/1 levels left

rFire    . . .     SeeInvis .   a - +0 flail
rCold    . . .     Faith    .   c - +0 kite shield
rNeg     + . .     Spirit   .   b - +0 scale mail
rPois    ∞         Reflect  .   (no helmet)
rElec    +         Harm     .   (no cloak)
rCorr    .         Rampage  .   (no gloves)
Will     .....                  (no boots)
Stlth    ..........             (no amulet)
HPRegen  0.06/turn              (no ring)
MPRegen  0.08/turn              (no ring)

@: no status effects
A: sickness immunity, AC +2, negative energy resistance 1, electricity
resistance, torment resistance 1, petrification resistance
a: Renounce Religion, Potion Petition, Call Merchant, Bribe Branch


You were on level 1 of the Dungeon.
You worshipped Gozag.
Gozag was noncommittal.
You visited 1 branch of the dungeon, and saw 2 of its levels.

You collected 60 gold pieces.

Inventory:

Hand Weapons
 a - a +0 flail (weapon)
Armour
 b - a +0 scale mail (worn)
 c - a +0 kite shield (worn)
Scrolls
 f - a scroll of teleportation {unknown}
 g - a scroll of noise {unknown}
 h - a scroll of identify {unknown}
 i - a scroll of fog {unknown}
Potions
 d - a potion of might
 e - a potion of lignification {unknown}


   Skills:
 + Level 3.6 Fighting
 * Level 2.8 Maces & Flails
 - Level 3.2 Armour
 - Level 3.2 Shields


You had one spell level left.
You didn't know any spells.
Your spell library was empty.

Dungeon Overview and Level Annotations

Branches:
Dungeon (2/15)

Altars:
Gozag


Innate Abilities, Weirdness & Mutations

You are immune to sickness and miasma.
Your stone body is resilient. (AC +2)
You are immune to poison.
You resist negative energy. (rN+)
You are resistant to electric shocks. (rElec)
You are resistant to unholy torment.
You are immune to petrification.


Message History

You hit the gnoll.
The gnoll is moderately wounded.
You block the gnoll's attack. The gnoll hits you with a +0 flail.
You hit the gnoll.
The gnoll is heavily wounded.
The gnoll barely misses you.
You hit the gnoll.
The gnoll is severely wounded.
A gnoll comes into view. It is wielding a +0 spear.
The gnoll closely misses you.
The gnoll shouts!
You hit the gnoll but do no damage.
The gnoll is severely wounded.
The gnoll hits you with a +0 flail.
Your shield prevents you from hitting the gnoll.
You block the gnoll's attack.
A worm comes into view.
There is a stone staircase leading up here.
The gnoll hits you with a +0 flail.
You climb upwards.
There is a stone staircase leading down here.
You hit the gnoll.
The gnoll is moderately wounded.
You block the gnoll's attack. The gnoll barely misses you.
You completely miss the gnoll.
The gnoll is moderately wounded.
The gnoll barely misses you.
You hit the gnoll but do no damage.
The gnoll is moderately wounded.
The gnoll hits you with a +0 flail.
* * * LOW HITPOINT WARNING * * *
You block the gnoll's attack.
You hit the gnoll.
The gnoll is severely wounded.
The gnoll closely misses you.
You barely miss the gnoll.
The gnoll is severely wounded.
You block the gnoll's attack. The gnoll hits you with a +0 flail.
You die...
Your body crumbles into a pile of gold.

#.........##......^...
###....#....##..........
#.'..........'..........
###.....######..........
#..........#..........
#..........#....#.....
#........._#....#.....
#...#.#.........#####.
######...#@g.............#.
#........#...............+.
#.####...##........#.....##
#.#.#.#.###........#....##
#........##........#....#
###.#.#.###........#....#
#.......##........#....# #
##.#.#.#...............###
#..............#.....#.##.


You could see a gnoll.

Vanquished Creatures
  An adder (D:2)
  2 bats (D:1)
  2 hobgoblins (D:1)
  A quokka (D:1)
  A ball python (D:1)
  A frilled lizard (D:1)
8 creatures vanquished.

Notes
Turn   | Place    | Note
-------+----------+-------------------------------------------
     0 | D:1      | Delamore the Gargoyle Fighter began the quest for the Orb.
     0 | D:1      | Reached XP level 1. HP: 14/14 MP: 1/1
   408 | D:1      | Found a faded altar of an unknown god.
   437 | D:1      | Became a worshipper of Gozag Ym Sagoz the Greedy
   677 | D:1      | Reached XP level 2. HP: 19/19 MP: 2/2
  1330 | D:1      | Slain by a gnoll

Illustrated notes

Levels and vault maps discovered:
D:1:      dpeg_arrival_circle_labyrinth_c, layout_basic, basic_ecumenical_altar,
          wad_floor_pattern_untrapped, st_stairs_12, kennysheep_crisscross
D:2:      layout_basic, basic_altar, uniq_robin, uniq_jessica

Action                   || total
-------------------------++-------
Melee: Flail             ||    50
Armor: Scale mail        ||    24
Dodge: Dodged            ||    24
Block: Kite shield       ||    35

Table legend: (Time is in decaauts)
 A = Elapsed time spent in this place.
 B = Non-inter-level travel time spent in this place.
 C = Inter-level travel time spent in this place.
 D = Time resting spent in this place.
 E = Time spent auto-exploring this place.
 F = Levels seen in this place.
 G = Mean time per level.
                   A        B        C        D        E       F      G
               +--------+--------+--------+--------+--------+-----+--------+
         Total |   1356 |   1235 |    121 |    146 |    957 |   2 |  678.0 |
       Dungeon |   1356 |   1235 |    121 |    146 |    957 |   2 |  678.0 |
               +--------+--------+--------+--------+--------+-----+--------+

Top non-repeatable levels by time:
     D:1: 1154 daAuts
     D:2: 202 daAuts
